 Dungeon Crawl Stone Soup version 0.23-a0-667-gc184e93 (webtiles) character file.

0 Blackhawk the Skirmisher (level 1, -13/18 HPs)
             Began as a Formicid Abyssal Knight on Jan 8, 2019.
             Was a Follower of Lugonu.
             Mangled by a spatial maelstrom (15 damage)
             ... on level 2 of the Abyss.
             The game lasted 00:00:29 (91 turns).

Blackhawk the Skirmisher (Formicid Abyssal Knight)    Turns: 91, Time: 00:00:29

Health: -13/18     AC:  3    Str: 16    XL:     1   Next: 0%
Magic:  2/2        EV: 11    Int: 11    God:    Lugonu [*.....]
Gold:   17         SH:  0    Dex: 10    Spells: 0/0 levels left

rFire    . . .     SeeInvis +   a - +1 hand axe
rCold    . . .     Gourm    .   (no shield)
rNeg     . . .     Faith    .   b - +0 leather armour
rPois    .         Spirit   .   (helmet unavailable)
rElec    .         Reflect  .   (no cloak)
rCorr    .         Harm     .   (no gloves)
MR       .....                  (no boots)
Stlth    +.........             (no amulet)
HPRegen  0.06/turn              (no ring)
MPRegen  0.08/turn              (no ring)

@: no status effects
A: permanent stasis, dig shafts and tunnels, four strong arms, antennae 3
a: Dig, Shaft Self, Depart the Abyss, Renounce Religion


You were on level 2 of the Abyss.
You worshipped Lugonu.
Lugonu was aware of your devotion.
You were not hungry.

You visited 0 branches of the dungeon, and saw 0 of its levels.
You visited the Abyss 1 time.

You collected 17 gold pieces.

Inventory:

Hand Weapons
 a - a +1 hand axe (weapon)
Armour
 b - a +0 leather armour (worn)
Scrolls
 d - a scroll of identify {unknown}
Comestibles
 c - a ration


   Skills:
 + Level 3.2 Fighting
 + Level 2.0 Axes
 + Level 2.1 Armour
 + Level 0.8 Dodging
 + Level 2.1 Invocations


You couldn't memorise any spells.
You didn't know any spells.
Your spell library was empty.

Dungeon Overview and Level Annotations

Branches:
Dungeon (0/15)

Altars:


Innate Abilities, Weirdness & Mutations

You cannot be hasted, slowed, berserked, paralysed or teleported.
You can dig through walls and to a lower floor.
Your four strong arms can wield two-handed weapons with a shield.
You have a pair of large antennae on your head. (SInv)


Message History

Found 38 gold pieces.
You see here 38 gold pieces.
A tentacled starspawn comes into view.
A quasit comes into view.
The neqoxec gestures.
Tentacles burst from the starspawn's body! 2 starspawn tentacles come into view.
The quasit gives a chilling moan.
Found 46 gold pieces.
A spatial maelstrom comes into view.
The quasit bites you but does no damage.
The quasit claws you but does no damage. x2
Tentacles burst from the starspawn's body!
A spatial vortex and 2 starspawn tentacles come into view.
The spatial maelstrom hits you!
Ouch! That really hurt!
* * * LOW HITPOINT WARNING * * *
The spatial maelstrom hits you!
Ouch! That really hurt!
You die...

##..#......#....
.....{.#... ...
... #.#..##.#
#.##..#.#.# #
#.....3...##
#v##.#..##... ..
#..#..##.##3##
.###...5.#.# #..#
.
....#.v@.######.#
.#
#.#.##$.###.$..###
.. # [.#.# ..
###.# ###
..##..##.....#.#
##. # #. #....#
#... #[ . ..
..#.{. #.. #..#...
. .....# .###
##...#
#.#...##....##
#... #. .### .##..
##. .


You could see a spatial maelstrom, a spatial vortex, a neqoxec and a quasit.

Vanquished Creatures (others)
  4 starspawn tentacles (Abyss:2)
4 creatures vanquished.

Notes
Turn   | Place    | Note
-------+----------+-------------------------------------------
     0 | Abyss:1  | Blackhawk the Formicid Abyssal Knight began the quest for
                  | the Orb.
     0 | Abyss:1  | Reached XP level 1. HP: 18/18 MP: 2/2
    43 | Abyss:2  | Found a corrupted altar of Lugonu.
    76 | Abyss:2  | Noticed a neqoxec
    84 | Abyss:2  | Noticed a tentacled starspawn
    85 | Abyss:2  | Noticed a quasit
    88 | Abyss:2  | Noticed a spatial maelstrom
    90 | Abyss:2  | Noticed a spatial vortex
    91 | Abyss:2  | Mangled by a spatial maelstrom

Vault maps used:

Action                   || total
-------------------------++-------
Armor: Leather armour    ||     3

Table legend:
 A = Non-vault XP
 B = Vault XP
 C = Vault XP percentage of total XP
 D = Non-vault monster count
 E = Vault monster count
 F = Vault count percentage of total count
                 A         B        C        D         E       F
            +---------+---------+-------+---------+---------+-------
      Total |       0 |       0 |   N/A |       0 |       0 |  -nan
            +---------+---------+-------+---------+---------+-------
            +---------+---------+-------+---------+---------+-------
